 Dungeon Crawl Stone Soup version 0.21-a0-358-g8928369 (webtiles) character file.

39 Dfrag the Firebug (level 3, -6/24 HPs)
             Began as a Demonspawn Fire Elementalist on Oct 12, 2017.
             Mangled by Sigmund
             ... wielding a +0 scythe
              (11 damage)
             ... on level 2 of the Dungeon.
             The game lasted 00:01:23 (1049 turns).

Dfrag the Firebug (Demonspawn Fire Elementalist)    Turns: 1049, Time: 00:01:24

Health: -6/24      AC:  2    Str: 10 (13) XL:     3   Next: 26%
Magic:  6/6        EV: 12    Int: 15 (17) God:
Gold:   41         SH:  0    Dex: 12 (13) Spells: 6/7 levels left

rFire    . . .     SeeInvis .   k - +2 hand axe (elec)
rCold    . . .     Gourm    .   (no shield)
rNeg     . . .     Faith    .   a - +0 robe
rPois    .         Spirit   .   (no helmet)
rElec    .         Reflect  .   (no cloak)
rCorr    .         Harm     .   (no gloves)
MR       .....                  (no boots)
Stlth    ++........             (no amulet)
HPRegen  0.08/turn              (no ring)
MPRegen  0.10/turn              (no ring)

@: mighty
A: demonic guardian 1
a: no special abilities


You were on level 2 of the Dungeon.
You were not hungry.

You visited 1 branch of the dungeon, and saw 2 of its levels.

You collected 41 gold pieces.

Inventory:

Hand Weapons
 k - a +2 hand axe of electrocution (weapon)
Armour
 a - a +0 robe (worn)
Scrolls
 d - a scroll of identify {unknown}
 g - a scroll of magic mapping {unknown}
 j - 2 scrolls of remove curse {unknown}
 m - a scroll of fear {unknown}
 o - a scroll of random uselessness {unknown}
 p - a scroll of amnesia {unknown}
Potions
 f - a potion of lignification {unknown}
 h - a potion of curing
Books
 b - a book of Flames

   Spells                             Type                      Level
   a - Flame Tongue                   Conjuration/Fire             1
   b - Throw Flame                    Conjuration/Fire             2
   c - Conjure Flame                  Conjuration/Fire             3
   d - Inner Flame                    Hexes/Fire                   3
   e - Sticky Flame                   Conjuration/Fire             4
   f - Fireball                       Conjuration/Fire             5
Comestibles
 c - a bread ration
 n - a meat ration
 q - 4 chunks of flesh


   Skills:
 - Level 1.7 Dodging
 - Level 1.7 Stealth
 + Level 2.5 Spellcasting
 + Level 2.0 Conjurations
 + Level 3.2 Fire Magic


You had 6 spell levels left.
You knew the following spells:

 Your Spells              Type           Power        Failure   Level  Hunger
a - Flame Tongue          Conj/Fire      #....        7%          1    #......


Dungeon Overview and Level Annotations

Branches:
Dungeon (2/15)

Altars:
The Shining One

Annotations:
D:2 Sigmund


Innate Abilities, Weirdness & Mutations

A weak demonic guardian rushes to your aid.


Message History

It was a potion of curing.
You feel better.
The frilled lizard bites you but does no damage.
Your shadow imp misses something.
You hear some strange, mumbled words.
A puff of flame appears from out of thin air!
The puff of flame hits you!
* * * LOW HITPOINT WARNING * * *
It was a potion of might.
You feel very mighty all of a sudden.
The frilled lizard bites you but does no damage.
Your shadow imp hits something.
You hear some strange, mumbled words.
Something tries to affect you, but you resist.
Unknown command.
It was a potion of magic.
Magic courses through your body. The frilled lizard bites you.
* * * LOW HITPOINT WARNING * * *
Your shadow imp hits something but does no damage.
Something hits you!
You die...

#.#.# #.#
#.#.###.#
#.......#
###.#####
##..#...
##.#.#.####
#.###......
##.#...# #@l...#
.....5{.....#
.########.#.....
.# #### .# +#


You could see a frilled lizard and a friendly shadow imp.

Vanquished Creatures
  An adder (D:2)
  An ooze (D:1)
  A leopard gecko (D:2)
  3 bats (D:1)
  2 giant cockroaches (D:1)
  3 goblins
  2 hobgoblins (D:2)
  2 kobolds (D:1)
  A quokka (D:2)
  A ball python (D:2)
  A frilled lizard (D:1)
  7 rats
25 creatures vanquished.

Notes
Turn   | Place    | Note
-------+----------+-------------------------------------------
     0 | D:1      | Dfrag the Demonspawn Fire Elementalist began the quest for the Orb.
     0 | D:1      | Reached XP level 1. HP: 13/13 MP: 3/3
   386 | D:1      | Gained mutation: A weak demonic guardian rushes to your aid. [demonic ancestry]
   386 | D:1      | Reached XP level 2. HP: 18/19 MP: 3/5
   457 | D:1      | Found a glowing golden altar of the Shining One.
   474 | D:1      | Reached skill level 3 in Fire Magic
   943 | D:2      | Reached XP level 3. HP: 16/24 MP: 0/6
  1043 | D:2      | Noticed Sigmund
  1049 | D:2      | Mangled by Sigmund

Vault maps used:
D:1:      dpeg_arrival_snail, grunt_decor_arrowhead, tso_altar
D:2:      fedhas_altar_1, uniq_sigmund, uniq_robin

Skill      XL: |  1  2  3 |
---------------+----------+-----
Fire Magic     | 3 |  3.2
Conjurations   | 2 |  2.0
Dodging        | |  1.7
Stealth        | |  1.7
Spellcasting   | |  2.5

Action                   || total
-------------------------++-------
Melee: Hand axe          ||    44
       Unarmed           ||    10
 Cast: Flame Tongue      ||    19
  Use: Potion            ||     4
 Stab: Sleeping          ||     3
  Eat: Chunk             ||     1
Armor: Robe              ||    18
Dodge: Dodged            ||    41

Table legend:
 A = Spawn XP
 B = Non-spawn XP
 C = Spawn XP percentage of total XP
 D = Spawn monster count
 E = Non-spawn monster count
 F = Spawn count percentage of total count
 G = Total turns spent on level
                    A         B        C        D         E        F      G
               +---------+---------+-------+---------+---------+-------+---------
         Total |       0 |      56 |   0.0 |       0 |      25 |   0.0 |  1049
               +---------+---------+-------+---------+---------+-------+---------
           D:1 |       0 |      29 |   0.0 |       0 |      16 |   0.0 |   889
           D:2 |       0 |      27 |   0.0 |       0 |       9 |   0.0 |   160
               +---------+---------+-------+---------+---------+-------+---------
